 Dungeon Crawl Stone Soup version 0.24-a0-513-g284f782df5 (webtiles) character file.

Game seed: 3514902483647915032

338 Azzok the Firebug (level 6, -6/41 HPs)
             Began as a Barachi Fire Elementalist on July 20, 2019.
             Mangled by an ice beast (13 damage)
             ... on level 4 of the Dungeon.
             The game lasted 00:05:12 (4405 turns).

Azzok the Firebug (Barachi Fire Elementalist)       Turns: 4405, Time: 00:05:13

Health: -6/41      AC:  4    Str:  9    XL:     6   Next: 55%
Magic:  8/12       EV: 12    Int: 17    God:
Gold:   217        SH:  0    Dex: 13    Spells: 5/13 levels left

rFire    + . .     SeeInvis .   (no weapon)
rCold    x . .     Gourm    .   (no shield)
rNeg     . . .     Faith    .   a - +0 robe
rPois    +         Spirit   .   j - +0 helmet
rElec    .         Reflect  .   d - +0 cloak
rCorr    .         Harm     .   (no gloves)
MR       .....                  (no boots)
Stlth    ++........             (no amulet)
HPRegen  0.13/turn              u - ring of fire
MPRegen  0.13/turn              q - ring of poison resistance

@: very slightly contaminated, slow
A: +LOS, swims, slowness 1, strong legs 1
a: Hop


You were on level 4 of the Dungeon.
You were not hungry.

You visited 1 branch of the dungeon, and saw 5 of its levels.

You collected 217 gold pieces.

Inventory:

Armour
 a - a +0 robe (worn)
 d - a +0 cloak (worn)
 j - a +0 helmet (worn)
Jewellery
 q - a ring of poison resistance (right hand)
 u - a ring of fire (left hand)
Wands
 i - a wand of polymorph (3)
 p - a wand of iceblast (4)
Scrolls
 b - 3 scrolls of teleportation {unknown}
 f - 3 scrolls of identify {unknown}
 g - a scroll of blinking {unknown}
 l - a scroll of immolation {unknown}
 s - a scroll of remove curse {unknown}
Potions
 h - a potion of curing {unknown}
 k - a potion of flight {unknown}
 n - a potion of agility {unknown}
 o - a potion of brilliance {unknown}
 r - a potion of lignification
Comestibles
 c - 8 rations
 m - 3 chunks of flesh


   Skills:
 - Level 2.1 Dodging
 - Level 1.7 Stealth
 + Level 4.2 Spellcasting
 + Level 4.1 Conjurations
 + Level 5.2 Fire Magic


You had 5 spell levels left.
You knew the following spells:

 Your Spells              Type           Power        Failure   Level  Hunger
a - Flame Tongue          Conj/Fire      ####.        2%          1    None
b - Conjure Flame         Conj/Fire      ####....     7%          3    ###....
c - Sticky Flame          Conj/Fire      ####....     22%         4    ####...

Your spell library contained the following spells:

 Spells                   Type           Power        Failure   Level  Hunger
 Throw Flame              Conj/Fire      ####..       3%          2    ##.....
 Inner Flame              Hex/Fire       ###.....     16%         3    ###....
 Fireball                 Conj/Fire      ####......   52%         5    ######.


Dungeon Overview and Level Annotations

Branches:
Dungeon (5/15)
 Temple: D:4-7

Altars:
Elyvilon
Wu Jian
Xom
Zin


Innate Abilities, Weirdness & Mutations

Shadows flee at your approach. (+LOS)
You can swim through water.
You cover ground slowly.
You can hop short distances.


Message History

The ice beast hits you. The ice beast freezes you!!
You feel a terrible chill!
* * * LOW HITPOINT WARNING * * *
The crimson imp hits you but does no damage.
You climb upwards.
There is a stone staircase leading down, spattered with blood here.
There is an open door here.
Casting: Flame Tongue (safe; 2% risk of failure)
Confirm with . or Enter, or press ? or * to list all spells.
Aiming: Sticky Flame (slightly dangerous; 22% risk of failure)
Press: ? - help, Shift-Dir - straight line, f - ice beast
Aim: an ice beast You feel a surge of power!
You miscast Sticky Flame.
You are very lightly contaminated with residual magic.
Sparks fly from your hands!
The ice beast hits you but does no damage.
The crimson imp blinks!
The crimson imp barely misses you. The ice beast hits you.
* * * LOW HITPOINT WARNING * * *
The ice beast freezes you!
You feel a terrible chill!
You die...

▒▒·················▒·
▒··················▒·
▒··················▒·
▒············▒▒····▒▒
▒·····▒▒·····▒▒▒▒▒▒▒▒
▒·····▒▒···[·▒▒······
▒·>§·········[·······
▒▒▒Y▒▒▒▒···········▒▒
▒▒▒▒▒▒···@··▒···········▒▒
▒·········5·▒·····▒▒▒▒▒▒▒▒
▒···········▒·····▒▒····▒▒
▒···········▒···········╬·
▒···········▒···········▒·
▒···········▒···········▒·
▒···········▒·▒▒··▒▒▒▒▒'▒▒
▒▒▒▒▒▒▒▒▒▒▒▒▒▒▒▒··▒▒······
▒····▒······


You could see an ice beast and a crimson imp.

Vanquished Creatures
  Menkaure (D:4)
  Jessica (D:2)
  2 worker ants (D:4)
  2 gnolls
  6 adders
  An ooze (D:2)
  3 worms
  2 dart slugs
  2 leopard geckos (D:3)
  5 orcs
  2 giant cockroaches (D:4)
  2 goblins
  8 hobgoblins
  2 quokkas (D:2)
  5 bats
  4 frilled lizards
  7 kobolds
  11 rats
66 creatures vanquished.

Notes
Turn   | Place    | Note
-------+----------+-------------------------------------------
     0 | D:1      | Azzok the Barachi Fire Elementalist began the quest for the
                  | Orb.
     0 | D:1      | Reached XP level 1. HP: 13/13 MP: 3/3
   287 | D:1      | Reached XP level 2. HP: 19/19 MP: 0/5
  1127 | D:2      | Reached XP level 3. HP: 24/24 MP: 5/7
  1229 | D:2      | Found a white marble altar of Elyvilon.
  1309 | D:2      | Noticed Jessica
  1322 | D:2      | Killed Jessica
  1322 | D:2      | Reached skill level 4 in Fire Magic
  1322 | D:2      | Reached XP level 4. HP: 30/30 MP: 3/8
  2210 | D:3      | Found a shimmering altar of Xom.
  2211 | D:3      | Noticed an angel
  2214 | D:3      | Found a glowing silver altar of Zin.
  2524 | D:3      | Found an ornate altar of the Wu Jian Council.
  2643 | D:3      | Reached XP level 5. HP: 35/35 MP: 7/10
  3332 | D:4      | HP: 2/52 [orc/+0 flail (4)]
  3617 | D:4      | Learned a level 3 spell: Conjure Flame
  3622 | D:4      | Learned a level 4 spell: Sticky Flame
  3783 | D:4      | Noticed Menkaure
  3787 | D:4      | Killed Menkaure
  3787 | D:4      | Reached skill level 5 in Fire Magic
  3787 | D:4      | Reached XP level 6. HP: 41/41 MP: 5/12
  4204 | D:5      | Entered Level 5 of the Dungeon
  4214 | D:5      | Noticed an ice beast
  4405 | D:4      | Mangled by an ice beast

Levels and vault maps discovered:
D:1:      lemuel_arrival_broad_hall, layout_rooms, minmay_misc_feat_doors
D:2:      layout_basic, elyvilon_altar_3, uniq_jessica
D:3:      layout_basic, grunt_temple_overflow_order_and_chaos_1,
          overflow_temple_1_default, first_ration, serial_bayou,
          serial_bayou_crossing, serial_bayou_lagoon_b, serial_bayou_pond_d,
          serial_bayou_pond_a, chequers_serial_rivers_small_a,
          kennysheep_generic_room_13
D:4:      layout_gridville, minmay_manual_monstrance, uniq_menkaure
D:5:      layout_rooms, serial_rivers, chequers_serial_rivers_micro_b,
          chequers_serial_rivers_large_b, chequers_serial_rivers_large_a,
          chequers_serial_rivers_micro_a, chequers_serial_rivers_micro_d,
          ebering_ghost_disaster_area, minmay_manual_moon

Skill      XL: |  1  2  3  4  5 |
---------------+----------------+-----
Conjurations   | 2 3 4 |  4.1
Spellcasting   | 3 4 |  4.2
Fire Magic     | 4 5 |  5.2
Dodging        | |  2.1
Stealth        | |  1.7

Action                   |  1- 3 |  4- 6 || total
-------------------------+-------+-------++-------
Melee: Unarmed           |     4 |    14 ||    18
 Cast: Flame Tongue      |    46 |   106 ||   152
       Sticky Flame      |       |     1 ||     1
  Use: Potion            |       |     2 ||     2
  Eat: Chunk             |     2 |    11 ||    13
Armor: Robe              |     5 |    19 ||    24
       Skin              |       |     1 ||     1
Dodge: Dodged            |    17 |    47 ||    64

Table legend:
 A = Non-vault XP
 B = Vault XP
 C = Vault XP percentage of total XP
 D = Non-vault monster count
 E = Vault monster count
 F = Vault count percentage of total count
                 A         B        C        D         E       F
            +---------+---------+-------+---------+---------+-------
      Total |     195 |     289 |  59.7 |      57 |       9 |  13.6
            +---------+---------+-------+---------+---------+-------
        D:1 |      19 |       0 |   0.0 |      12 |       0 |   0.0
        D:2 |      80 |      37 |  31.6 |      22 |       1 |   4.3
        D:3 |      46 |       2 |   4.2 |      17 |       1 |   5.6
        D:4 |      36 |     250 |  87.4 |       5 |       7 |  58.3
        D:5 |      14 |       0 |   0.0 |       1 |       0 |   0.0
            +---------+---------+-------+---------+---------+-------
